[Event "Team 45 45 League T48"]
[Site "Internet Chess Club"]
[Date "2011.03.19"]
[Round "6"]
[White "TwoEqualsOne"]
[Black "Achelous"]
[Result "0-1"]
[WhiteElo "1762"]
[BlackElo "1591"]
[Opening "Nimzo-Indian: Sämisch variation"]
[ECO "E24"]
[Time "18:00:23"]
[TimeControl "2700+45"]

1. d4 Nf6 2. c4 e6 3. Nc3 Bb4 4. a3 Bxc3+ 5. bxc3 b6 6. Bg5 Bb7 7. e3 O-O 8. Nf3
d6 9. Bd3 Nbd7 10. Qc2 Qe8 11. e4 h6 12. h4 e5 13. Bxf6 Nxf6 14. d5 Nh5 15. g3
Qe7 16. O-O-O c6 17. Qe2 a6 18. dxc6 Bxc6 19. Ng5 Nf6 20. Nh3 b5 21. g4 bxc4 22.
Bc2 d5 23. g5 Qxa3+ 24. Kd2 Nxe4+ 25. Bxe4 dxe4 26. gxh6 e3+ 27. Qxe3 Bxh1 28.
Rxh1 Rad8+ 29. Ke2 Qb2+ 30. Kf1 Rd1+ 31. Kg2 Rxh1 32. Qg5 Qb7+ 33. f3 f6 34. Qf5
Rxh3 35. Kxh3 gxh6 36. Qe6+ Rf7 37. Qg4+ Kf8 38. Qh5 Ke7 39. Kg4 Qd7+ 40. Kg3
Rg7+ {White resigns} 0-1

[Event "Team 45 45 League T48"]
[Site "Internet Chess Club"]
[Date "2011.03.20"]
[Round "6"]
[White "DARKwizard1"]
[Black "Schack"]
[Result "1-0"]
[WhiteElo "2003"]
[BlackElo "1684"]
[Opening "Two knights defense"]
[ECO "C55"]
[Time "14:00:31"]
[TimeControl "2700+45"]

1. e4 e5 2. Nf3 Nc6 3. Bc4 Nf6 4. O-O Nxe4 5. Re1 d5 6. Bb5 Bc5 7. d4 exd4 8.
Nxd4 O-O 9. Bxc6 Nxf2 10. Qd2 Ne4 11. Qd3 bxc6 12. Be3 Bb6 13. Nxc6 Bxe3+ 14.
Qxe3 Qd6 15. Nd4 Bd7 16. Nd2 Nxd2 17. Qxd2 c5 18. Nf3 Rfe8 19. c3 Rxe1+ 20. Rxe1
Re8 21. Rxe8+ Bxe8 22. Qe3 Bb5 23. b4 cxb4 24. cxb4 Qxb4 25. Qxa7 Qb1+ 26. Kf2
Qb2+ 27. Kg3 h6 28. Qb8+ Kh7 29. a4 {Black resigns} 1-0

[Event "Team 45 45 League T48"]
[Site "Internet Chess Club"]
[Date "2011.03.21"]
[Round "6"]
[White "az2112"]
[Black "kidviper"]
[Result "1/2-1/2"]
[WhiteElo "1751"]
[BlackElo "1913"]
[Opening "King's Indian: orthodox, Aronin-Taimanov, 9.Ne1"]
[ECO "E98"]
[Time "09:00:20"]
[TimeControl "2700+45"]

1. d4 Nf6 2. Nf3 g6 3. c4 Bg7 4. Nc3 O-O 5. e4 d6 6. Be2 e5 7. O-O Nc6 8. d5 Ne7
9. Ne1 Nd7 10. Be3 f5 11. f3 a5 12. Nd3 Nf6 13. c5 Bd7 14. Rc1 f4 15. Bf2 g5 16.
cxd6 cxd6 17. Na4 b5 18. Nb6 Rb8 19. Nxd7 Qxd7 20. b3 Rfc8 21. Qd2 Qd8 22. a4 b4
23. Nb2 Nd7 24. Ba6 Rxc1 25. Rxc1 Ra8 {Game drawn by mutual agreement} 1/2-1/2

[Event "Team 45 45 League T48"]
[Site "Internet Chess Club"]
[Date "2011.03.25"]
[Round "6"]
[White "ferrari9182"]
[Black "Tamarin"]
[Result "1-0"]
[WhiteElo "1955"]
[BlackElo "1730"]
[Opening "QGD: Semi-Tarrasch defense, Pillsbury variation"]
[ECO "D40"]
[Time "19:30:11"]
[TimeControl "2700+45"]

1. d4 d5 2. c4 e6 3. Nc3 Nf6 4. Nf3 c5 5. Bg5 cxd4 6. Nxd4 Nc6 7. e3 Bc5 8. cxd5
exd5 9. Bb5 Bxd4 10. exd4 O-O 11. O-O Be6 12. Qd3 h6 13. Bh4 Re8 14. a3 Rc8 15.
h3 Rc7 16. Ba4 Rce7 17. Bc2 Rc7 18. Rae1 g5 19. Bg3 Rd7 20. f4 gxf4 21. Bxf4
Nxd4 22. Qxd4 Qb6 23. Qxb6 axb6 24. Be5 Nh7 25. Re3 Nf8 26. Rg3+ Ng6 27. Bxg6
fxg6 28. Rxg6+ Kh7 29. Rff6 Rde7 30. Rxh6+ Kg8 31. Rfg6+ Kf8 32. Rh8+ {Black
resigns} 1-0

[Event "Team 45 45 League T48"]
[Site "Internet Chess Club"]
[Date "2011.03.20"]
[Round "6"]
[White "clarinetref"]
[Black "mongmong"]
[Result "1-0"]
[WhiteElo "1634"]
[BlackElo "1617"]
[Opening "Queen's pawn game"]
[ECO "E00"]
[Time "20:05:29"]
[TimeControl "2700+45"]

1. c4 e6 2. d4 Nf6 3. a3 d5 4. e3 c5 5. Nf3 Nc6 6. Nc3 a6 7. Qc2 cxd4 8. exd4
dxc4 9. Bxc4 Nxd4 10. Qd3 Nxf3+ 11. Qxf3 Be7 12. Bf4 O-O 13. O-O Qb6 14. b4 Qc6
15. Qxc6 bxc6 16. Na4 Nd5 17. Bg3 Bb7 18. Rab1 Rad8 19. Nc5 Bxc5 20. bxc5 Bc8
21. Bd6 Rfe8 22. Rb8 Bd7 23. Rb7 Bc8 24. Rb8 Bd7 25. Rxd8 Rxd8 26. Bxa6 Ra8 27.
Rb1 h6 28. Bd3 Rxa3 29. Rb8+ {Black resigns} 1-0

[Event "Team 45 45 League T48"]
[Site "Internet Chess Club"]
[Date "2011.03.16"]
[Round "6"]
[White "mickeys"]
[Black "VietLion"]
[Result "0-1"]
[WhiteElo "1962"]
[BlackElo "1916"]
[Opening "English: symmetrical, Benoni formation"]
[ECO "A31"]
[Time "18:00:23"]
[TimeControl "2700+45"]

1. d4 Nf6 2. Nf3 c5 3. c4 cxd4 4. Nxd4 e5 5. Nf3 Nc6 6. Nc3 Bb4 7. Qb3 e4 8. Ng5
h6 9. Nh3 d5 10. cxd5 Nxd5 11. e3 Be6 12. Qc2 Qf6 13. Bd2 Nxc3 14. bxc3 O-O-O
15. Rc1 Ba3 16. Rb1 Rd7 17. Nf4 Rhd8 18. Rd1 Bg4 19. Be2 Bxe2 20. Nxe2 Ne5 21.
O-O Nd3 22. Nd4 Qe5 23. Qb3 Bd6 24. Rb1 Qxh2# {White checkmated} 0-1

[Event "Team 45 45 League T48"]
[Site "Internet Chess Club"]
[Date "2011.03.21"]
[Round "6"]
[White "amanileo"]
[Black "pishd"]
[Result "1/2-1/2"]
[WhiteElo "1848"]
[BlackElo "1771"]
[Opening "QGD: Ragozin variation"]
[ECO "D38"]
[Time "16:32:28"]
[TimeControl "2700+45"]

1. d4 Nf6 2. Nf3 e6 3. c4 Bb4+ 4. Nc3 d5 5. Bg5 c5 6. e3 O-O 7. Be2 h6 8. Bxf6
Qxf6 9. O-O Bxc3 10. bxc3 b6 11. cxd5 exd5 12. dxc5 Bb7 13. cxb6 Qxc3 14. bxa7
Rxa7 15. Qd4 Qxd4 16. Nxd4 Ba6 17. Bxa6 Rxa6 18. Rfc1 Nd7 19. Rc6 Ra4 20. Rd6
Nf6 21. Nc6 Rfa8 22. Ne7+ Kf8 23. Nxd5 Nxd5 24. Rxd5 Rxa2 25. Rxa2 Rxa2 26. Kf1
Ra1+ 27. Ke2 Rh1 28. h3 Rh2 29. Kf3 Rh1 30. Rd7 Ra1 31. Kg3 Ra6 32. f3 Ra3 33.
e4 Ke8 34. Rb7 Ra2 35. h4 Rc2 36. Kh3 Rf2 37. Rb3 Kf8 38. g4 Rf1 39. h5 Ke7 40.
Kg3 Kf6 41. Rb6+ Ke7 42. Kf4 Rf2 43. Rb3 Kf6 44. e5+ Ke6 45. Rb6+ Ke7 46. Kg3
Re2 47. f4 Re3+ 48. Kf2 Ra3 49. Rb7+ Ke8 50. f5 Ra5 51. e6 fxe6 52. fxe6 Kf8 53.
Rb8+ Ke7 54. Rg8 Rg5 55. Kg3 Kxe6 56. Kf4 Kf7 57. Ra8 Rb5 58. Ra7+ Kf6 59. Ra6+
Kf7 60. Rg6 Ra5 {Game drawn by mutual agreement} 1/2-1/2

[Event "Team 45 45 League T48"]
[Site "Internet Chess Club"]
[Date "2011.03.20"]
[Round "6"]
[White "cknights"]
[Black "Bacon1290"]
[Result "1-0"]
[WhiteElo "1814"]
[BlackElo "1717"]
[Opening "Grünfeld: Spassky variation, main line, 10...cd, 11.cd"]
[ECO "D88"]
[Time "19:00:57"]
[TimeControl "2700+45"]

1. d4 Nf6 2. c4 g6 3. Nc3 d5 4. cxd5 Nxd5 5. e4 Nxc3 6. bxc3 Bg7 7. Bc4 c5 8.
Ne2 cxd4 9. cxd4 O-O 10. O-O Nc6 11. Be3 Bg4 12. f3 Na5 13. Bxf7+ Rxf7 14. fxg4
Rxf1+ 15. Qxf1 Nc4 16. Qf2 Nxe3 17. Qxe3 Rc8 18. Qb3+ Kh8 19. e5 Qd7 20. Rd1 h6
21. e6 Qc7 22. Qe3 Qb6 23. Qe4 g5 24. Rb1 Qd6 25. Rxb7 Qa3 26. h3 Rf8 27. Kh2
Qd6+ 28. Ng3 Rf4 29. Qe2 Bxd4 30. Rd7 Qc6 31. Rd8+ Kh7 32. Qd3+ Kg7 33. Nh5#
{Black checkmated} 1-0

[Event "Team 45 45 League T48"]
[Site "Internet Chess Club"]
[Date "2011.03.19"]
[Round "6"]
[White "RD1974"]
[Black "cosen"]
[Result "1-0"]
[WhiteElo "1682"]
[BlackElo "1659"]
[Opening "Caro-Kann: anti-Caro-Kann defense"]
[ECO "B10"]
[Time "14:00:22"]
[TimeControl "2700+45"]

1. e4 c6 2. c4 e6 3. Nf3 d5 4. cxd5 exd5 5. exd5 cxd5 6. Bb5+ Bd7 7. Qb3 Bxb5 8.
Qxb5+ Qd7 9. Nc3 Qxb5 10. Nxb5 Na6 11. O-O f6 12. d3 Kd7 13. Bf4 Bc5 14. d4 Bb6
15. a4 Ne7 16. a5 Bc7 17. Bxc7 Nxc7 18. Nc3 Rhb8 19. Rfe1 b6 20. b4 bxa5 21.
bxa5 Na6 22. Na4 Nc6 23. Nc3 Re8 24. Nxd5 Rxe1+ 25. Rxe1 Rb8 26. g3 Rb5 27. Nf4
Rxa5 28. Ne6 Nab4 29. Nf8+ Kd6 30. Nxh7 Rd5 31. Ra1 a5 32. Nf8 Nc2 33. Rb1 a4
34. Rb6 a3 35. Nd2 Rxd4 36. Nb3 Rd1+ 37. Kg2 Ne1+ 38. Kh3 a2 39. Ra6 Nc2 40. Ne6
a1=Q 41. Nxa1 Rxa1 42. Rxa1 Nxa1 43. Nxg7 Ne7 44. Kg4 Nc2 45. h4 Nd4 46. h5 Ng8
47. Nf5+ Nxf5 48. Kxf5 Ke7 49. Kg6 Kf8 50. h6 Ne7+ 51. Kxf6 Ng8+ 52. Kg5 Kf7 53.
f4 Nf6 54. g4 Nxg4 55. Kxg4 Kg6 56. h7 Kxh7 57. Kf5 Kg7 58. Ke6 Kf8 59. Kf6 Ke8
60. Kg7 Kd7 61. f5 Kd6 62. f6 Ke6 63. f7 Ke7 64. f8=Q+ {Black resigns} 1-0

[Event "Team 45 45 League T48"]
[Site "Internet Chess Club"]
[Date "2011.03.18"]
[Round "6"]
[White "kabindra"]
[Black "chessateer"]
[Result "1/2-1/2"]
[WhiteElo "1908"]
[BlackElo "1869"]
[Opening "Pirc defense"]
[ECO "B07"]
[Time "11:00:32"]
[TimeControl "2700+45"]

1. e4 d6 2. d4 Nf6 3. Bd3 g6 4. h3 Bg7 5. Be3 O-O 6. Qd2 e5 7. d5 Nbd7 8. Bh6 c6
9. Bxg7 Kxg7 10. c4 Nc5 11. Nc3 cxd5 12. cxd5 Nxd3+ 13. Qxd3 Bd7 14. Nf3 a6 15.
O-O Rc8 16. Qe3 Qc7 17. Rac1 Qc5 18. Qg5 Qb4 19. Rb1 Nxe4 20. Qh4 Rc4 21. Qe7
Bc8 22. Nxe4 Rxe4 23. Ng5 Rd4 24. Nxh7 Rh8 25. Ng5 Rf4 26. Rbc1 Rf6 27. Rc7 Qf4
28. Rxc8 Rxc8 29. Ne6+ Rxe6 30. dxe6 Rc1 31. Qxb7 Rxf1+ 32. Kxf1 Qc1+ {Game
drawn by mutual agreement} 1/2-1/2

[Event "Team 45 45 League T48"]
[Site "Internet Chess Club"]
[Date "2011.03.19"]
[Round "6"]
[White "OxidisedLizard"]
[Black "vaknight"]
[Result "1-0"]
[WhiteElo "1883"]
[BlackElo "1744"]
[Opening "Pirc defense"]
[ECO "B07"]
[Time "07:31:53"]
[TimeControl "2700+45"]

1. e4 d6 2. d4 Nf6 3. Nc3 g6 4. f3 Bg7 5. Be3 a6 6. Qd2 Nc6 7. O-O-O Nd7 8. Nge2
b5 9. Bh6 O-O 10. h4 Nb6 11. Bxg7 Kxg7 12. h5 Rh8 13. Ng3 f6 14. Nd5 Nxd5 15.
exd5 Na7 16. Ne2 g5 17. f4 h6 18. Ng3 Rf8 19. Qd3 Qe8 20. Nf5+ Bxf5 21. Qxf5 Qf7
22. Bd3 Kh8 23. Rde1 Rad8 24. Rhf1 Rg8 25. Qg4 Rg7 26. Re6 Nc8 27. Bg6 Qg8 28.
fxg5 Rxg6 29. hxg6 Qxg6 30. Rh1 {Black resigns} 1-0

[Event "Team 45 45 League T48"]
[Site "Internet Chess Club"]
[Date "2011.03.17"]
[Round "6"]
[White "Muravey"]
[Black "parrot9"]
[Result "1-0"]
[WhiteElo "1561"]
[BlackElo "1598"]
[Opening "Sicilian: Najdorf"]
[ECO "B90"]
[Time "16:04:45"]
[TimeControl "2700+45"]

1. e4 c5 2. Nf3 d6 3. d4 cxd4 4. Nxd4 Nf6 5. Nc3 a6 6. f3 e6 7. Be3 Qc7 8. Bd3
Nbd7 9. Qd2 Be7 10. O-O O-O 11. f4 b5 12. a3 Bb7 13. Rae1 Nc5 14. Bf2 Rfd8 15.
b4 Nxd3 16. cxd3 Rac8 17. Rc1 Qd7 18. Rc2 e5 19. Nde2 d5 20. fxe5 Ng4 21. exd5
Nxe5 22. Bb6 Re8 23. d4 Nc4 24. Qf4 Nxb6 25. Qxf7+ Kh8 26. Nf4 Qg4 27. Ne6 Nxd5
28. Nxd5 Rxc2 29. Qxe8+ {Black resigns} 1-0

[Event "Team 45 45 League T48"]
[Site "Internet Chess Club"]
[Date "2011.03.20"]
[Round "6"]
[White "kwameh72"]
[Black "CheeryCherry"]
[Result "0-1"]
[WhiteElo "1736"]
[BlackElo "1453"]
[Opening "Queen's pawn, Mason variation"]
[ECO "D00"]
[Time "20:23:26"]
[TimeControl "2700+45"]

1. d4 d5 2. Bf4 e6 3. e3 Nf6 4. Nf3 c5 5. c3 Nc6 6. Nbd2 Be7 7. Bd3 O-O 8. Ne5
Nxe5 9. dxe5 Nd7 10. O-O Qc7 11. Nf3 Qb6 12. Rb1 f6 13. Qe2 f5 14. h3 Rf7 15.
Ng5 Bxg5 16. Bxg5 Nxe5 17. Bc2 Bd7 18. Bf4 Ng6 19. Qf3 Bc6 20. Qg3 Re8 21. b4 e5
22. Bg5 d4 23. Bb3 dxc3 24. Rfc1 cxb4 25. Bxf7+ Kxf7 26. Rxc3 Qa5 27. Rcc1 a6
28. h4 Qxa2 29. h5 Nh8 30. Rxb4 Qd2 31. Rbc4 h6 32. Bh4 g6 33. hxg6+ Nxg6 34.
Qh3 Qd3 35. Bg3 Kg7 36. Qh2 Qd5 37. Rc5 Qe4 38. R5c4 Qd5 39. f3 e4 40. Rd4 Qb3
41. Bf2 exf3 42. gxf3 Rxe3 43. Qc7+ Re7 44. Rd7 Rxd7 45. Bd4+ Kf7 46. Qc8 Qxf3
47. Rxc6 Qxc6 {White resigns} 0-1

[Event "Team 45 45 League T48"]
[Site "Internet Chess Club"]
[Date "2011.03.19"]
[Round "6"]
[White "alexping"]
[Black "tsia68"]
[Result "0-1"]
[WhiteElo "1918"]
[BlackElo "1915"]
[Opening "King's Indian: accelerated Averbakh system"]
[ECO "E70"]
[Time "02:02:48"]
[TimeControl "2700+45"]

1. d4 Nf6 2. c4 g6 3. Nc3 Bg7 4. e4 d6 5. Bg5 O-O 6. f3 Nc6 7. Qd2 a6 8. a3 Rb8
9. Rd1 e5 10. d5 Nd4 11. Nge2 h6 12. Be3 Nxe2 13. Bxe2 Nd7 14. Bxh6 Qh4+ 15. g3
Qxh6 16. Qc2 f5 17. b4 Nf6 18. c5 fxe4 19. fxe4 Ng4 20. Bxg4 Bxg4 21. Rd3 Bh3
22. Rg1 Bg4 23. a4 Rf7 24. Nd1 Rbf8 25. Ne3 Qh3 26. Rg2 Bf3 {White resigns} 0-1

[Event "Team 45 45 League T48"]
[Site "Internet Chess Club"]
[Date "2011.03.20"]
[Round "6"]
[White "Duguesclin"]
[Black "MontanaSky"]
[Result "0-1"]
[WhiteElo "1701"]
[BlackElo "1820"]
[Opening "Bogo-Indian defense, Nimzovich variation"]
[ECO "E11"]
[Time "11:02:17"]
[TimeControl "2700+45"]

1. d4 Nf6 2. c4 e6 3. Nf3 Bb4+ 4. Bd2 Qe7 5. Nc3 O-O 6. e3 Bxc3 7. Bxc3 Ne4 8.
Bd3 f5 9. O-O b6 10. Qb3 d6 11. Rad1 Nd7 12. Bb4 a5 13. Ba3 c5 14. dxc5 bxc5 15.
Be2 Ndf6 16. Nd2 Ba6 17. f3 Nxd2 18. Rxd2 Rfd8 19. Rfd1 Qc7 20. Qc2 d5 21. cxd5
Nxd5 22. Qxc5 Qxc5 23. Bxc5 Bxe2 24. Rxe2 Rac8 25. Rc1 Nb4 26. Rc3 Rd1+ 27. Kf2
Nd3+ 28. Kg3 Rxc5 29. Rb3 Kf7 30. e4 f4+ 31. Kh4 Kg6 32. e5 Kf5 33. Rb7 Kg6 34.
Re7 Rxe5 35. Rxe5 Nxe5 36. Rxe6+ Kf5 37. Ra6 Rd5 38. a4 g5+ 39. Kh3 h5 40. b3
g4+ 41. fxg4+ hxg4+ 42. Kh4 f3 43. gxf3 Nxf3+ 44. Kg3 Ne5 45. Rb6 Rd3+ 46. Kf2
Ke4 47. b4 Rd2+ 48. Kg3 Rd3+ 49. Kf2 Rd4 50. bxa5 Rxa4 51. a6 Ra5 52. Kg2 Ra3
53. Rh6 Kf4 54. Rf6+ Kg5 55. Re6 Ng6 56. Rb6 Nf4+ 57. Kf2 Kh4 58. Rh6+ Nh5 59.
Rg6 Ra5 60. Rh6 Kg5 61. Rb6 Ra2+ 62. Kg1 Nf4 63. Rb5+ Kh4 64. Rb6 Nh3+ 65. Kh1
Ra1+ 66. Kg2 Rg1# {White checkmated} 0-1

[Event "Team 45 45 League T48"]
[Site "Internet Chess Club"]
[Date "2011.03.18"]
[Round "6"]
[White "misuc56"]
[Black "room-matt"]
[Result "1-0"]
[WhiteElo "1791"]
[BlackElo "1639"]
[Opening "Budapest defense declined"]
[ECO "A51"]
[Time "15:33:32"]
[TimeControl "2700+45"]

1. d4 Nf6 2. c4 e5 3. e3 exd4 4. exd4 Be7 5. Nf3 O-O 6. Bd3 d5 7. c5 Nc6 8. a3
Bg4 9. Be2 Ne4 10. O-O Bf6 11. Be3 Ne7 12. Nc3 Nf5 13. h3 Bxf3 14. Bxf3 Nxc3 15.
bxc3 Re8 16. Re1 b6 17. cxb6 cxb6 18. Qb3 Ne7 19. Rad1 Rc8 20. Bf4 h6 21. g3 Rc6
22. Bg2 a6 23. Be5 Bxe5 24. Rxe5 Rd6 25. Rde1 Kf8 26. Qc2 f6 27. R5e3 b5 28. h4
Qd7 29. Kh2 f5 30. Bh3 g6 31. h5 gxh5 32. Re5 Rf6 33. R1e3 Qd6 34. Bxf5 h4 35.
Bh3 hxg3+ 36. fxg3 Kg7 37. Qe2 Kf8 38. Re6 Rxe6 39. Rxe6 Qc7 40. Qf3+ Kg7 41.
Qf6+ Kg8 42. Qxh6 {Black resigns} 1-0

[Event "Team 45 45 League T48"]
[Site "Internet Chess Club"]
[Date "2011.03.21"]
[Round "6"]
[White "Konstantinos"]
[Black "rubo"]
[Result "0-1"]
[WhiteElo "1663"]
[BlackElo "1686"]
[Opening "Budapest: Adler variation"]
[ECO "A52"]
[Time "15:00:21"]
[TimeControl "2700+45"]

1. d4 Nf6 2. c4 e5 3. dxe5 Ng4 4. Nf3 Bc5 5. e3 Nc6 6. Be2 Ngxe5 7. O-O O-O 8.
b3 Qf6 9. Qc2 Nxf3+ 10. Bxf3 Qxa1 11. Bb2 Qxa2 12. Nc3 Nb4 13. Qd2 Qa6 14. Nd5
Nxd5 15. Bxd5 Qh6 16. Rd1 d6 17. Qc3 Bg4 18. Rd2 a5 19. Qd3 Bb4 20. Rc2 c6 21.
Be4 f5 22. Bf3 Bxf3 23. gxf3 Qh3 24. Qd4 Rf6 {White resigns} 0-1

[Event "Team 45 45 League T48"]
[Site "Internet Chess Club"]
[Date "2011.03.19"]
[Round "6"]
[White "BlackHorse"]
[Black "cityprosecutor"]
[Result "1-0"]
[WhiteElo "2066"]
[BlackElo "1683"]
[Opening "Sicilian: dragon variation"]
[ECO "B70"]
[Time "08:00:40"]
[TimeControl "2700+45"]

1. e4 c5 2. Nf3 d6 3. d4 cxd4 4. Nxd4 Nf6 5. Nc3 g6 6. Bc4 Bg7 7. O-O O-O 8. f3
Nc6 9. Nxc6 bxc6 10. Be3 Qc7 11. Qd2 Rd8 12. Rfd1 Bb7 13. Qf2 Qa5 14. Bb3 Rd7
15. Ne2 c5 16. c3 Ba6 17. Nf4 Qb5 18. c4 Qb7 19. e5 dxe5 20. Nd3 e4 21. Nxc5
Rxd1+ 22. Rxd1 Qc8 23. Rf1 Bb7 24. fxe4 e5 25. Bg5 Ng4 26. Qxf7+ Kh8 27. Ne6
{Black resigns} 1-0

[Event "Team 45 45 League T48"]
[Site "Internet Chess Club"]
[Date "2011.03.20"]
[Round "6"]
[White "zap2"]
[Black "BuddyT"]
[Result "1-0"]
[WhiteElo "1832"]
[BlackElo "1743"]
[Opening "Réti opening"]
[ECO "A04"]
[Time "10:36:29"]
[TimeControl "2700+45"]

1. Nf3 e6 2. g3 b5 3. Bg2 Bb7 4. d3 d5 5. O-O Nf6 6. Nbd2 Be7 7. Re1 c5 8. a4 a6
9. axb5 axb5 10. Rxa8 Bxa8 11. b3 O-O 12. Bb2 Qa5 13. Qa1 Qxa1 14. Rxa1 Nc6 15.
c4 bxc4 16. bxc4 d4 17. Ng5 h6 18. Nge4 Nxe4 19. Bxe4 f5 20. Bxc6 Bxc6 21. Ra6
Rc8 22. Ba3 Kf7 23. Nb3 Ba8 24. Bxc5 Rb8 25. Bxd4 {Black resigns} 1-0

[Event "Team 45 45 League T48"]
[Site "Internet Chess Club"]
[Date "2011.03.21"]
[Round "6"]
[White "parpin"]
[Black "Atlantis"]
[Result "1/2-1/2"]
[WhiteElo "1806"]
[BlackElo "1855"]
[Opening "Sicilian defense"]
[ECO "B44"]
[Time "14:22:34"]
[TimeControl "2700+45"]

1. e4 c5 2. Nf3 e6 3. d4 cxd4 4. Nxd4 Nc6 5. Be3 Nf6 6. f3 a6 7. Be2 d6 8. Nc3
Be7 9. Qd2 Nxd4 10. Bxd4 O-O 11. O-O-O d5 12. Bxf6 Bxf6 13. exd5 Bxc3 14. Qxc3
exd5 15. Qd2 Be6 16. Kb1 Qf6 17. Qd4 {Game drawn by mutual agreement} 1/2-1/2

[Event "Team 45 45 League T48"]
[Site "Internet Chess Club"]
[Date "2011.03.19"]
[Round "6"]
[White "jps7"]
[Black "wrimle"]
[Result "0-1"]
[WhiteElo "1635"]
[BlackElo "1683"]
[Opening "Queen's pawn game"]
[ECO "A45"]
[Time "14:09:16"]
[TimeControl "2700+45"]

1. d4 Nf6 2. e3 g6 3. Nf3 Bg7 4. Bd3 O-O 5. O-O d6 6. b3 Nbd7 7. Bb2 c5 8. c4 e6
9. Qc2 b6 10. Nbd2 Bb7 11. e4 cxd4 12. Bxd4 Nc5 13. Bxc5 dxc5 14. Rad1 Qc7 15.
h3 Nh5 16. g3 Nxg3 17. fxg3 Qxg3+ 18. Kh1 Qxh3+ 19. Nh2 f5 20. Rf3 Qh4 21. Rdf1
Be5 22. R1f2 Bd4 23. Rf1 Be5 24. R1f2 Rad8 25. Nf1 fxe4 26. Rxf8+ Rxf8 27. Rxf8+
Kxf8 28. Be2 e3+ 29. Kg1 Bxh2+ 30. Nxh2 Qf2# {White checkmated} 0-1

[Event "Team 45 45 League T48"]
[Site "Internet Chess Club"]
[Date "2011.03.20"]
[Round "6"]
[White "imgr8"]
[Black "QueensCounselor"]
[Result "0-1"]
[WhiteElo "2069"]
[BlackElo "2137"]
[Opening "Sicilian: Alapin's variation (2.c3)"]
[ECO "B22"]
[Time "08:30:34"]
[TimeControl "2700+45"]

1. e4 c5 2. c3 d5 3. exd5 Qxd5 4. d4 e6 5. Nf3 Nf6 6. Na3 cxd4 7. Nb5 Na6 8.
cxd4 Bd7 9. Nc3 Qa5 10. Bd3 Nb4 11. Bb1 Be7 12. O-O O-O 13. Ne5 Rad8 14. Bg5 Nc6
15. Qd3 g6 16. Bh6 Rfe8 17. Re1 Qb4 18. Rd1 Nxe5 19. dxe5 Ng4 20. Bc1 Ba4 21.
Qe2 Bxd1 22. Nxd1 Bc5 23. Bd3 Rxd3 24. Qxd3 Nxf2 {White resigns} 0-1

[Event "Team 45 45 League T48"]
[Site "Internet Chess Club"]
[Date "2011.03.18"]
[Round "6"]
[White "fledermaus"]
[Black "jefferyx"]
[Result "1-0"]
[WhiteElo "1921"]
[BlackElo "1981"]
[Opening "Nimzo-Indian: classical variation"]
[ECO "E32"]
[Time "19:17:03"]
[TimeControl "2700+45"]

1. d4 Nf6 2. c4 e6 3. Nc3 Bb4 4. Qc2 O-O 5. Nf3 c5 6. dxc5 Na6 7. Bg5 Nxc5 8.
Nd2 d5 9. e3 h6 10. Bxf6 Qxf6 11. Rc1 d4 12. exd4 Qxd4 13. a3 Bxc3 14. Qxc3 Qxc3
15. Rxc3 e5 16. b4 Ne6 17. c5 Nd4 18. Bc4 Bd7 19. f3 Bc6 20. Kf2 Rad8 21. Ne4
Kh7 22. Nd6 f6 23. b5 Rxd6 24. cxd6 Nxb5 25. Bxb5 Bxb5 26. Rc7 Bc6 27. Rd1 Rd8
28. Ke3 Kg6 29. g4 Kh7 30. f4 exf4+ 31. Kxf4 Re8 32. d7 Rd8 33. Kf5 Kg8 34. Ke6
Kf8 35. Kd6 {Black resigns} 1-0

[Event "Team 45 45 League T48"]
[Site "Internet Chess Club"]
[Date "2011.03.19"]
[Round "6"]
[White "fishhead"]
[Black "irock"]
[Result "1-0"]
[WhiteElo "1885"]
[BlackElo "1782"]
[Opening "Sicilian: Hungarian variation"]
[ECO "B27"]
[Time "15:00:26"]
[TimeControl "2700+45"]

1. e4 c5 2. Nf3 g6 3. g3 Bg7 4. Bg2 Nc6 5. O-O Nf6 6. Nc3 d6 7. d3 O-O 8. Ne2 e5
9. h3 Be6 10. c3 Qe7 11. Ng5 Bd7 12. f4 exf4 13. gxf4 Nh5 14. Kh2 Rfe8 15. Bf3
Nf6 16. h4 h6 17. Nh3 c4 18. Ng3 cxd3 19. Qxd3 Ng4+ 20. Kg2 Qxh4 21. Rh1 Qe7 22.
Bd2 Rad8 23. Nf2 Nf6 24. Rae1 a6 25. Bd1 h5 26. Qc2 Rc8 27. f5 Ne5 28. Bg5 Bc6
29. Qb3 Kf8 30. Rhf1 d5 31. fxg6 fxg6 32. Nh3 Rcd8 33. Nf4 d4 34. Nd5 Bxd5 35.
exd5 Rd6 36. Ne4 b5 37. cxd4 Nc4 38. Qf3 Kf7 39. Nxd6+ Qxd6 40. Rxe8 Kxe8 41.
Bxf6 Bxf6 42. Qxf6 Ne3+ 43. Kh1 {Black resigns} 1-0

[Event "Team 45 45 League T48"]
[Site "Internet Chess Club"]
[Date "2011.03.18"]
[Round "6"]
[White "DavidBarnsley"]
[Black "KingDestroyer"]
[Result "0-1"]
[WhiteElo "1967"]
[BlackElo "2264"]
[Opening "Sicilian: Kan, 5.Bd3"]
[ECO "B42"]
[Time "14:13:24"]
[TimeControl "2700+45"]

1. e4 c5 2. Nf3 e6 3. d4 cxd4 4. Nxd4 a6 5. Bd3 Qc7 6. O-O Nf6 7. c4 h5 8. Nc3
Bc5 9. Nf3 Nc6 10. Bg5 Ng4 11. Bh4 Nd4 12. Bg3 Nxf3+ 13. Qxf3 Ne5 14. Bxe5 Qxe5
15. Qg3 Qxg3 16. hxg3 d6 17. a3 Bd7 18. b4 Bd4 19. Rac1 Rc8 20. Ne2 Bf6 21. Rfd1
Ke7 22. Rd2 g5 23. f4 h4 24. f5 hxg3 25. Nxg3 Bd4+ 26. Kf1 Be3 27. Rcc2 Ba4 28.
Rb2 Bxd2 29. Rxd2 Bb3 30. c5 dxc5 31. e5 c4 32. f6+ Ke8 33. Rb2 cxd3 34. Rxb3 d2
35. Ke2 Rd8 {White resigns} 0-1

[Event "Team 45 45 League T48"]
[Site "Internet Chess Club"]
[Date "2011.03.21"]
[Round "6"]
[White "bwang88"]
[Black "Camden772"]
[Result "1/2-1/2"]
[WhiteElo "1925"]
[BlackElo "1797"]
[Opening "French: advance, Paulsen attack"]
[ECO "C02"]
[Time "22:01:38"]
[TimeControl "2700+45"]

1. e4 e6 2. d4 d5 3. e5 c5 4. c3 Nc6 5. Nf3 Qb6 6. a3 Bd7 7. b4 cxd4 8. cxd4 Rc8
9. Be2 a5 10. b5 Nxd4 11. Nxd4 Rxc1 12. Qxc1 Qxd4 13. Qc3 Bc5 14. O-O Qxc3 15.
Nxc3 Bd4 16. Rac1 Bxe5 17. Rfe1 Ne7 18. Bf1 Bd6 19. Na4 Nc8 20. Nc5 b6 21. Nxd7
Kxd7 22. a4 Bc5 23. g3 Nd6 24. Bd3 Nb7 25. h4 Bd6 26. f4 Nc5 27. Bc2 h6 28. Kg2
Rg8 29. Rcd1 g6 30. Kf3 f5 31. g4 h5 32. g5 Rc8 33. Rc1 Ne4 34. Bb1 Nd2+ 35. Kg3
Bc5 36. Ba2 Ne4+ 37. Kf3 Ke7 38. Bb1 Rd8 39. Bd3 Rd7 40. Re2 Ba3 41. Rc6 Bc5 42.
Rc2 Rd6 43. Rc7+ Rd7 44. Rc6 {Game drawn by mutual agreement} 1/2-1/2

[Event "Team 45 45 League T48"]
[Site "Internet Chess Club"]
[Date "2011.03.18"]
[Round "6"]
[White "JFlamer"]
[Black "brgdgaf"]
[Result "0-1"]
[WhiteElo "1765"]
[BlackElo "1985"]
[Opening "Sicilian: Nimzovich-Rossolimo attack (with ...g6, without ...d6)"]
[ECO "B31"]
[Time "13:00:32"]
[TimeControl "2700+45"]

1. e4 c5 2. Nf3 Nc6 3. Bb5 g6 4. Nc3 Bg7 5. O-O Nd4 6. Bc4 e6 7. d3 Ne7 8. Bf4
d6 9. Nb5 Nxb5 10. Bxb5+ Bd7 11. Bxd7+ Qxd7 12. e5 dxe5 13. Bxe5 f6 14. Bc3 e5
15. Re1 O-O-O 16. Nd2 Kb8 17. Qf3 h5 18. Ne4 Qc6 19. Nd2 Nd5 20. Nb3 g5 21. Qe4
b6 22. Qg6 Qb7 23. Qe4 h4 24. h3 Rhf8 25. Nd2 Ka8 26. Qf3 g4 27. Qxg4 f5 28. Qf3
e4 29. Qe2 Bxc3 30. bxc3 Rg8 31. Qh5 Rxg2+ 32. Kh1 Qc7 33. Nf1 Rdg8 34. Ng3 hxg3
35. Qxf5 Rh2+ 36. Kg1 gxf2+ 37. Kf1 Rg1+ 38. Ke2 fxe1=R# {White checkmated} 0-1